Map: Divergence LE

Players

Pedipalpe - Winner!

  • Race: Protoss Protoss
  • League: Gold
  • Spawn Location: 5:00

Weedababzz - Winner!

  • Race: Terran Terran
  • League: Diamond
  • Spawn Location: 5:00

kasm

  • Race: Protoss Protoss
  • League: Diamond
  • Spawn Location: 11:00

PeLLy

  • Race: Zerg Zerg
  • League: Diamond
  • Spawn Location: 11:00

VOD

Have the link to the VOD?

Description

Time

  • Played on: Aug. 16, 2019, 1:33 p.m.
  • Length: 10:20
Show
View Real Time Build Order
Export as new Build Order

Pedipalpe Protoss - Winner!

Build Orders: Chargelot Immortal 

Get SALT Encoding   

  12  0:00  Probe  
  13  0:12  Probe  
  14  0:24  Pylon  
  14  0:25  Probe  
  15  0:42  Probe  
  16  0:45  Gateway  
  16  0:54  Probe  
  17  1:03  Assimilator  
  17  1:04  Probe  
  18  1:12  Probe  
  18  1:16  Pylon  
  19  1:20  Probe  
  20  1:29  Assimilator  
  20  1:33  Probe  
  21  1:41  Cybernetics Core  
  21  1:45  Probe  
  22  1:50  Pylon  
  22  1:55  Pylon  
  22  1:59  Pylon, Probe  
  22  2:07  Probe  
  24  2:15  Probe  
  24  2:18  Robotics Facility  
  25  2:25  Twilight Council  
  25  2:28  Probe  
  26  2:35  Warp Gate  
  26  2:40  Probe, Stalker  
  29  2:52  Probe  
  29  2:58  Shield Battery  
  30  3:03  Charge  
  30  3:04  Probe  
  31  3:15  Probe  
  32  3:23  Probe  
  32  3:31  Probe  
  32  3:33  Immortal  
  38  3:42  Probe  
  38  3:54  Probe  
  39  4:16  Probe  
  40  4:26  Dark Shrine  
  40  4:28  Probe  
  41  4:36  Gateway  
  41  4:37  Gateway  
  41  4:39  Gateway  
  41  4:40  Gateway, Probe  
  41  4:43  Warp Prism  
  44  4:48  Pylon  
  44  4:52  Probe  
  45  5:04  Probe  
  46  5:11  Nexus  
  46  5:18  Stalker  
  48  5:40  Probe  
  49  5:45  Warp Prism  
  51  5:52  Probe  
  52  6:04  Probe  
  52  6:08  Zealot x3  
  52  6:09  Zealot  
  61  6:11  Zealot  
  63  6:22  Probe  
  64  6:26  Probe  
  65  6:34  Probe, Assimilator  
  65  6:39  Probe  
  67  6:42  Stalker  
  67  6:43  Dark Templar x2  
  67  6:46  Dark Templar  
  67  6:47  Probe  
  66  6:51  Probe  
  67  6:59  Probe  
  66  7:03  Probe  
  63  7:24  Assimilator  
  63  7:30  Zealot  
  63  7:31  Zealot x3  
  63  7:32  Zealot  
  63  7:34  Immortal  
  77  7:42  Robotics Facility  
  77  7:44  Robotics Facility  
  77  7:45  Nexus  
  77  7:46  Pylon  
  77  7:47  Pylon  
  77  7:49  Pylon  
  77  7:51  Pylon  
  77  7:58  Gateway  
  77  8:01  Robotics Facility  
  77  8:05  Robotics Bay  
  77  8:11  Pylon  
  77  8:12  Pylon x2  
  77  8:15  Pylon  
  77  8:23  Assimilator  
  77  8:26  Immortal  
  81  8:28  Assimilator  
  81  8:33  Immortal  
  85  8:37  Zealot x2  
  89  8:44  Forge  
  89  8:49  Forge  
  89  9:03  Probe x3  
  92  9:15  Probe  
  93  9:18  Photon Cannon  
  93  9:20  Photon Cannon  
  93  9:24  Photon Cannon  
  93  9:27  Probe  
  93  9:28  Probe  
  93  9:29  Photon Cannon  
  113  10:04  Zealot  
  115  10:19  Dark Templar x2  
Show
View Real Time Build Order
Export as new Build Order

Weedababzz Terran - Winner!

Build Orders: Reaper Expand 

Get SALT Encoding   

  12  0:00  SCV  
  13  0:12  SCV  
  14  0:18  Supply Depot  
  14  0:24  SCV  
  15  0:39  SCV  
  15  0:42  Barracks  
  16  0:46  Refinery  
  16  0:52  SCV  
  17  1:04  SCV  
  18  1:16  SCV  
  19  1:31  Orbital Command  
  19  1:32  Reaper  
  20  1:46  Command Center  
  20  1:55  Barracks  
  20  1:59  SCV  
  21  2:09  Marine  
  21  2:10  Supply Depot  
  22  2:16  SCV  
  23  2:24  Refinery  
  23  2:28  Factory  
  23  2:30  Barracks Reactor  
  23  2:34  SCV  
  24  2:47  SCV  
  24  2:50  Barracks Tech Lab  
  25  3:01  SCV  
  25  3:02  Orbital Command  
  25  3:11  Marine x2  
  27  3:13  SCV, Stimpack  
  28  3:22  Factory Tech Lab  
  28  3:24  Starport  
  27  3:27  SCV  
  27  3:29  SCV  
  29  3:36  Marine x3  
  29  3:40  Siege Tank  
  35  3:43  SCV x2  
  37  3:54  Marine x3  
  36  4:03  SCV x2  
  37  4:13  Siege Tank  
  37  4:15  SCV x2  
  37  4:16  Marine x2  
  44  4:27  Starport  
  44  4:28  SCV x2  
  46  4:40  Marine  
  46  4:58  Supply Depot  
  46  5:00  Supply Depot  
  46  5:03  SCV x2, Marine  
  46  5:06  Starport Reactor  
  46  5:16  Combat Shield  
  46  5:19  Marine x2  
  46  5:20  SCV x2, Siege Tank  
  53  5:25  Barracks  
  53  5:26  Marine  
  54  5:35  SCV x2  
  56  5:37  Marine  
  57  5:51  Marine x2  
  57  5:55  SCV  
  60  5:59  Medivac  
  62  6:06  Orbital Command  
  62  6:10  Barracks  
  62  6:11  Supply Depot  
  62  6:12  Supply Depot  
  62  6:13  Barracks, SCV, Medivac  
  62  6:25  Supply Depot  
  62  6:27  Barracks Tech Lab  
  62  6:33  SCV, Siege Tank, Marine x2  
  62  6:34  Marauder  
  70  6:41  Supply Depot  
  70  6:43  Supply Depot  
  70  6:47  SCV  
  71  6:52  Marine x2  
  71  6:53  Marine  
  74  6:54  Medivac  
  74  6:55  Medivac  
  78  7:02  Refinery  
  78  7:03  Refinery  
  78  7:06  Marauder  
  78  7:07  Barracks Reactor  
  80  7:24  Engineering Bay  
  80  7:25  Barracks Reactor  
  80  7:26  Marauder, Marine x2  
  80  7:27  Supply Depot  
  80  7:28  Supply Depot  
  80  7:29  SCV x2  
  86  7:31  Marauder  
  88  7:44  Marine x2  
  88  7:45  Siege Tank  
  88  7:48  Marine  
  88  7:49  Marine  
  88  7:50  Marauder  
  98  7:51  SCV x2  
  98  7:55  Missile Turret x2  
  99  7:58  Terran Infantry Armor Level 1  
  99  8:02  Marauder  
  99  8:03  Marine  
  99  8:05  Marine  
  103  8:06  Marine  
  103  8:11  Supply Depot  
  104  8:13  SCV  
  104  8:14  Supply Depot  
  104  8:16  SCV  
  104  8:19  Marine  
  106  8:20  Marine  
  106  8:24  Medivac  
  110  8:32  Marine x3  
  110  8:33  Siege Tank  
  116  8:46  Marine x2  
  116  8:47  Marauder x2, Marine  
  123  8:49  Supply Depot  
  123  8:51  Supply Depot  
  123  9:04  Marine  
  123  9:05  Marine  
  123  9:08  Command Center  
  125  9:31  Marine x4  
  125  9:32  Marauder, Marine x3  
  134  9:49  Marine x3  
  134  9:50  Armory, Engineering Bay  
Show
View Real Time Build Order
Export as new Build Order

kasm Protoss 

Build Orders: Oracle Opening 

Get SALT Encoding   

  12  0:01  Probe  
  13  0:13  Probe  
  14  0:22  Pylon  
  14  0:25  Probe  
  15  0:39  Probe  
  16  0:42  Gateway  
  16  0:46  Assimilator  
  16  0:47  Probe  
  17  1:01  Probe  
  17  1:07  Assimilator  
  17  1:09  Probe  
  18  1:16  Pylon  
  18  1:17  Probe  
  20  1:29  Cybernetics Core  
  20  1:31  Probe  
  21  1:43  Probe  
  22  1:55  Probe  
  22  1:57  Forge  
  23  2:01  Warp Gate  
  23  2:04  Probe  
  23  2:05  Stargate  
  24  2:24  Stalker  
  26  2:30  Photon Cannon  
  26  2:45  Probe  
  26  2:49  Oracle  
  30  3:07  Gateway  
  30  3:14  Probe  
  30  3:16  Gateway  
  30  3:17  Gateway  
  31  3:43  Pylon  
  31  3:44  Pylon  
  31  3:53  Void Ray  
  35  4:10  Stalker x2  
  35  4:11  Stalker  
  35  4:12  Stalker  
  43  4:21  Probe  
  44  4:44  Stalker  
  46  5:08  Void Ray  
  46  5:30  Pylon  
  46  5:31  Pylon  
  46  5:33  Pylon  
  43  5:50  Stalker x2  
  43  5:51  Stalker x2  
  43  5:56  Probe  
  48  6:38  Stalker x4  
  56  6:52  Twilight Council  
  56  7:16  Pylon  
  56  7:27  Protoss Ground Weapons Level 1  
  56  7:36  Templar Archives  
  56  7:42  Blink  
  56  7:45  Nexus  
  56  7:58  Gateway  
  56  8:01  Photon Cannon  
  56  8:03  Gateway  
  56  8:04  Gateway  
  56  8:07  Pylon  
  56  8:08  Pylon  
  56  8:57  Probe  
  56  9:01  Probe  
  58  9:05  Probe  
  59  9:13  Probe, Stalker x4  
  59  9:15  Probe  
  69  9:25  Probe  
  50  9:49  High Templar x2  
Show
View Real Time Build Order
Export as new Build Order

PeLLy Zerg 

Build Orders: Pool First 

Get SALT Encoding   

  12  0:01  Drone  
  13  0:13  Overlord  
  13  0:17  Drone  
  14  0:36  Drone x2  
  14  0:37  Drone  
  17  0:47  Spawning Pool  
  17  0:49  Drone  
  17  0:57  Extractor  
  17  0:58  Drone  
  17  1:08  Drone  
  18  1:19  Drone  
  19  1:34  Zergling x2  
  19  1:37  Queen  
  22  1:41  Hatchery  
  22  1:43  Zergling x2  
  22  1:55  Overlord  
  22  1:58  Metabolic Boost  
  22  2:16  Zergling x4  
  24  2:24  Zergling x2  
  25  2:46  Zergling x8  
  25  2:51  Zergling x2  
  30  2:52  Queen  
  32  3:03  Queen  
  34  3:09  Zergling x4  
  34  3:11  Overlord x2  
  36  3:27  Overlord x3  
  36  3:29  Drone x2  
  38  3:48  Drone  
  38  3:49  Drone x3  
  40  4:01  Evolution Chamber  
  39  4:04  Evolution Chamber  
  39  4:06  Baneling Nest  
  39  4:09  Lair  
  37  4:29  Zerg Melee Weapons Level 1  
  37  4:31  Zerg Missile Weapons Level 1  
  37  4:36  Overlord  
  37  4:37  Overlord  
  38  4:52  Drone  
  38  4:53  Drone x6  
  44  5:10  Baneling x5  
  44  5:12  Zergling x2  
  44  5:13  Zergling x6  
  48  5:23  Extractor  
  48  5:26  Roach Warren  
  41  5:53  Baneling x6  
  41  5:55  Overlord x4  
  41  5:58  Drone  
  41  5:59  Drone x5  
  41  6:02  Extractor  
  35  6:21  Zergling x18  
  36  6:31  Roach x2  
  39  6:41  Roach  
  39  6:43  Drone  
  39  6:56  Drone x4  
  39  7:00  Overseer  
  43  7:10  Spore Crawler  
  41  7:24  Overseer  
  41  7:33  Queen x2  
  41  7:35  Drone x3  
  48  8:03  Drone x9  
  48  8:04  Drone  
  57  8:34  Roach x2  
  58  9:00  Hatchery  
  55  9:50  Roach x6  
  67  9:53  Ravager x3  
Tags
 
Add a new tag
Caveats
  • Supply blocks, unpowered buildings, or Contaminate may cause inaccurate times.
  • Supply counts are checked every 10 seconds.